 Dungeon Crawl Stone Soup version 0.27.1-33-g824d729ab1 (webtiles) character file.

Game seed: 13890568962510250840

39 comborobin the Ruffian (level 3, -1/30 HPs)
             Began as a Djinni Fighter on Dec 27, 2021.
             Frozen to death by an endoplasm (6 damage)
             ... on level 2 of the Dungeon.
             The game lasted 00:00:52 (1244 turns).

comborobin the Ruffian (Djinni Fighter)             Turns: 1244, Time: 00:00:52

Health: -1/30      AC:  6    Str: 16    XL:     3   Next: 67%
Gold:   46         EV:  6    Int:  9    God:
                   SH:  8    Dex: 12

rFire    + + .     SeeInvis .     - Unarmed
rCold    x . .     Faith    .   b - +0 kite shield
rNeg     . . .     Spirit   .   a - +0 scale mail
rPois    ∞         Reflect  .   (no helmet)
rElec    .         Harm     .   (no cloak)
rCorr    .         Rampage  .   (no gloves)
Will     .....                  (boots unavailable)
Stlth    ..........             (no amulet)
HPRegen  0.10/turn              (no ring)
MPRegen  0.00/turn              (no ring)

@: flying
A: sickness immunity, fire resistance 2, cold vulnerability 1, float, innate
caster, hp casting, extra vitality 1
a: no special abilities


You were on level 2 of the Dungeon.
You visited 1 branch of the dungeon, and saw 2 of its levels.

You collected 46 gold pieces.

Inventory:

Armour
 a - a +0 scale mail (worn)
 b - a +0 kite shield (worn)
Scrolls
 d - a scroll of identify {unknown}
 f - a scroll of holy word {unknown}
 h - a scroll of magic mapping {unknown}
 i - a scroll of immolation {unknown}
Potions
 c - a potion of might
 e - a potion of invisibility {unknown}
 g - a potion of attraction {unknown}


   Skills:
 - Level 3.0 Fighting
 - Level 3.0 Armour
 - Level 3.0 Shields
 + Level 3.7 Unarmed Combat


You had one spell level left.
You knew the following spells:

 Your Spells              Type           Power      Damage    Failure   Level
a - Summon Small Mammal   Summ           0%         N/A       100%        1
Your spell library was empty.


Dungeon Overview and Level Annotations

Branches:
Dungeon (1/15)

Altars:


Innate Abilities, Weirdness & Mutations

You are immune to sickness and miasma.
You are immune to poison.
Your flesh is very heat resistant. (rF++)
You are vulnerable to cold. (rC-)
You float through the air rather than walking.
You learn spells naturally, not from books.
Your magical power is your life essence.
You have superior vitality. (+4 HP)


Message History

You hit the worm.
You kill the worm!
No target in view!
An endoplasm comes into view.
The endoplasm quivers.
A quokka comes into view.
A kobold comes into view. It is wielding a +0 club.
The kobold shouts!
There are monsters nearby!
There are monsters nearby!
Your scale mail prevents you from hitting the endoplasm.
The endoplasm freezes you.
You are frozen.
You feel a terrible chill!
You hit the quokka but do no damage. The quokka barely misses you.
The endoplasm hits you. The quokka bites you.
There are monsters nearby!
You miss the quokka. The endoplasm freezes you.
You are frozen!
You feel a terrible chill! The quokka bites you.
You are too injured to fight recklessly!
You are too injured to fight recklessly!
You hit the quokka.
You kill the quokka!
The endoplasm freezes you.
You are frozen.
You feel a terrible chill!
* * * LOW HITPOINT WARNING * * *
You are too injured to fight recklessly!
You closely miss the kobold.
The endoplasm hits you but does no damage.
You block the kobold's attack. The endoplasm freezes you.
You are frozen.
You feel a terrible chill!
* * * LOW HITPOINT WARNING * * *
You are too injured to fight recklessly!
You hit the kobold.
The kobold is moderately wounded.
The kobold hits you but does no damage. The endoplasm freezes you.
You are frozen.
You feel a terrible chill!
You die...

.#.# ...# ## # ....
.# .# #######..#
#.##.###
.......#.###'#....
.......#.##.....#
.......J..#.....####.
......K@..#......?...
.....................
.........#..........
.........#......###
.........#......#
.........#......#
.........##..#[.#
.........##..#..#
........##..#..# ...


You could see an endoplasm and a kobold.

Vanquished Creatures
  An adder (D:2)
  A worm (D:2)
  A dart slug (D:1)
  A ball python (D:1)
  3 bats
  3 endoplasms (D:1)
  A giant cockroach (D:2)
  5 goblins
  2 quokkas
  2 frilled lizards (D:1)
  2 kobolds (D:2)
  2 rats
24 creatures vanquished.

Notes
Turn   | Place    | Note
-------+----------+-------------------------------------------
     0 | D:1      | comborobin the Djinni Fighter began the quest for the Orb.
     0 | D:1      | Reached XP level 1. HP: 20/20 MP: 0/0
   242 | D:1      | Reached XP level 2. HP: 20/25 MP: 0/0
   735 | D:1      | Found a faded altar of an unknown god.
   832 | D:1      | You are sucked into a shaft and drop 1 floor!
   850 | D:2      | Reached XP level 3. HP: 30/30 MP: 0/0
   850 | D:2      | Learned a level 1 spell: Summon Small Mammal
  1244 | D:2      | Frozen to death by an endoplasm

Illustrated notes

Levels and vault maps discovered:
D:1:      roderic_octagonal_star, layout_basic,
          hellmonk_ecumenical_altar_zigzags
D:2:      layout_basic, minmay_unequal

Skill      XL: |  1  2 |
---------------+-------+-----
Unarmed Combat | 3 |  3.7
Fighting       | |  3.0
Armour         | |  3.0
Shields        | |  3.0

Action                   || total
-------------------------++-------
Melee: Unarmed           ||    96
Armor: Scale mail        ||    46
Dodge: Dodged            ||    24
Block: Kite shield       ||    32
